 Dungeon Crawl Stone Soup version 0.25-a0-737-g26c3a87c45 (webtiles) character file.

Game seed: 12242557499779272351, levelgen mode: deterministic

9 Maedhros the Charlatan (level 2, -3/18 HPs)
             Began as an Octopode Artificer on Apr 12, 2020.
             Slain by a kobold
             ... wielding a +0 short sword
              (7 damage)
             ... on level 2 of the Dungeon.
             The game lasted 00:00:51 (103 turns).

Maedhros the Charlatan (Octopode Artificer)          Turns: 103, Time: 00:00:51

Health: -3/18      AC:  1    Str: 11    XL:     2   Next: 16%
Magic:  4/4        EV: 13    Int: 13    God:
Gold:   0          SH:  0    Dex: 12    Spells: 1/1 levels left

rFire    . . .     SeeInvis .   a - +0 short sword
rCold    . . .     Gourm    .   (no shield)
rNeg     . . .     Faith    .   (helmet restricted)
rPois    .         Spirit   .   (no amulet)
rElec    .         Reflect  .   (no ring)
rCorr    .         Harm     .   (no ring)
MR       .....                  (no ring)
Stlth    +++.......             (no ring)
HPRegen  0.06/turn              (no ring)
MPRegen  0.09/turn              (no ring)
                                (no ring)
                                (no ring)

@: no status effects
A: almost no armour, stealthy swim, amphibious, 8 rings, constrict 8, camouflage
1, gelatinous body 1
a: no special abilities


You were on level 2 of the Dungeon.
You were not hungry.

You visited 1 branch of the dungeon, and saw 2 of its levels.

Inventory:

Hand Weapons
 a - a +0 short sword (weapon)
Wands
 b - a wand of flame (13)
 c - a wand of enslavement (13)
 d - a wand of random effects (15)
Scrolls
 e - a scroll of fear {unknown}
 h - a scroll of blinking {unknown}
Potions
 g - a potion of flight {unknown}
Comestibles
 f - a ration


   Skills:
 - Level 1.0 Fighting
 - Level 1.0 Short Blades
 - Level 2.0 Dodging
 + Level 3.2 Stealth
 - Level 3.2 Evocations


You had one spell level left.
You didn't know any spells.
Your spell library was empty.

Dungeon Overview and Level Annotations

Branches:
Dungeon (2/15)

Altars:


Innate Abilities, Weirdness & Mutations

You cannot wear most types of armour.
You are very stealthy in the water. (Stealth+)
You are amphibious.
You can wear up to eight rings at the same time.
You can use your tentacles to constrict eight enemies at once.
Your skin changes colour to match your surroundings (Stealth+).
Your rubbery body absorbs attacks. (AC +1, EV +1)


Message History

Found a scroll labeled JYOKYG BUKIR.
A kobold comes into view. It is wielding a +0 short sword.
You see here an orange potion.
g - an orange potion
Found a scale mail.
Found a cloak and 6 gold pieces.
Found a stone staircase leading up.
An adder comes into view.
A worm comes into view.
Found a scroll labeled ZERCHU TEABUUD.
You see here a scroll labeled JYOKYG BUKIR.
h - a scroll labeled JYOKYG BUKIR The kobold shouts!
You hear a shout!
You hear an angry hiss. x2
The kobold throws a stone.
The stone completely misses you.
A frilled lizard comes into view.
Things that are here:
a stone; 6 gold pieces
Okay, then.
You closely miss the kobold. Your grab misses the kobold.
Your squeeze misses the kobold.
The kobold hits you with a +0 short sword!
You die...

############
#.........g.
#####...........
#####[#.#...<.......
##<#[..#.#.#...........
.........K.............
...#.#.#.#@..####.####.
#.#.###.# .# #.#K..#.#
.# #.##.##.# J #. .....
J .S ....# .? ##..#


lw# ..# You could see a kobold.

Vanquished Creatures
  3 goblins (D:1)
  A hobgoblin (D:1)
  A ball python (D:1)
  2 kobolds (D:1)
  2 rats (D:1)
9 creatures vanquished.

Vanquished Creatures (collateral kills)
  A bat (D:1)
  A rat (D:1)
2 creatures vanquished.

Vanquished Creatures (others)
  A hobgoblin (D:1)
1 creature vanquished.

Grand Total: 12 creatures vanquished

Notes
Turn   | Place    | Note
-------+----------+-------------------------------------------
     0 | D:1      | Maedhros the Octopode Artificer began the quest for the
                  | Orb.
     0 | D:1      | Reached XP level 1. HP: 13/13 MP: 3/3
    43 | D:1      | Reached XP level 2. HP: 3/18 MP: 4/4
   103 | D:2      | Slain by a kobold

Levels and vault maps discovered:
D:1:      onia_arrival_handbag, layout_basic, hangedman_decor_push
D:2:      layout_basic, nicolae_overflow_crystal_walls, first_ration,
          lemuel_blue_sif_altar, uniq_jessica

Skill      XL: |  1  2 |
---------------+-------+-----
Stealth        | 2 3 |  3.2
Fighting       | |  1.0
Short Blades   | |  1.0
Dodging        | |  2.0
Evocations     | |  3.2

Action                   || total
-------------------------++-------
Melee: Short sword       ||    21
       Constrict         ||     6
       Tentacles         ||     1
Evoke: Wand              ||     4
 Stab: Sleeping          ||     2
Armor: Skin              ||     3
Dodge: Dodged            ||    16

Table legend:
 A = Non-vault XP
 B = Vault XP
 C = Vault XP percentage of total XP
 D = Non-vault monster count
 E = Vault monster count
 F = Vault count percentage of total count
                 A         B        C        D         E       F
            +---------+---------+-------+---------+---------+-------
      Total |      12 |       2 |  14.3 |       9 |       2 |  18.2
            +---------+---------+-------+---------+---------+-------
        D:1 |      12 |       2 |  14.3 |       9 |       2 |  18.2
            +---------+---------+-------+---------+---------+-------
